 Dungeon Crawl Stone Soup version 0.28-a0-862-g58c29a6370 (webtiles) character file.

Game seed: 5337495914212409377

413 Froggeryz the Cudgeller (level 6, 0/34 HPs)
             Began as a Gargoyle Enchanter on Nov 16, 2021.
             Slain by a hound (1 damage)
             ... on level 6 of the Dungeon.
             The game lasted 00:05:31 (5347 turns).

Froggeryz the Cudgeller (Gargoyle Enchanter)        Turns: 5347, Time: 00:05:31

Health: 0/34       AC: 12    Str: 14    XL:     6   Next: 90%
Magic:  9/9        EV:  9    Int: 15    God:
Gold:   740        SH:  0    Dex: 10    Spells: 9/9 levels left

rFire   . . .      SeeInvis .   t - +1 whip (vamp)
rCold   . . .      Faith    .   (no shield)
rNeg    + . .      Spirit   .   n - +0 scale mail
rPois   ∞          Reflect  .   (no helmet)
rElec   +          Harm     .   (no cloak)
rCorr   .          Rampage  .   g - +0 pair of gloves
Will    .....                   (no boots)
Stlth   +.........              (no amulet)
HPRegen 0.11/turn               (no ring)
MPRegen 0.11/turn               (no ring)

@: no status effects
A: sickness immunity, AC +4, negative energy resistance 1, electricity
resistance, torment resistance 1, petrification resistance
a: no special abilities


You were on level 6 of the Dungeon.
You visited 1 branch of the dungeon, and saw 6 of its levels.

You collected 740 gold pieces.

Inventory:

Hand Weapons
 p - a +0 flail
 s - a +0 hunting sling
 t - a +1 vampiric whip (weapon)
Missiles
 l - 98 stones (quivered)
 v - 4 curare-tipped darts
Armour
 g - a +0 pair of gloves (worn)
 n - a +0 scale mail (worn)
Jewellery
 u - a ring of ice
Wands
 q - a wand of flame (17)
Scrolls
 e - a scroll of immolation
 j - a scroll of fear
 k - a scroll of summoning
 o - 3 scrolls of amnesia
Potions
 a - a potion of might {unknown}
 b - 2 potions of lignification {unknown}
 c - a potion of invisibility
 d - 2 potions of berserk rage
 f - a potion of mutation {unknown}
 h - 2 potions of attraction {unknown}
 i - a potion of degeneration {unknown}
 r - 2 potions of haste {unknown}


   Skills:
 - Level 1.1 Fighting
 - Level 0.8 Short Blades
 * Level 5.8 Maces & Flails
 + Level 3.1 Armour
 - Level 1.5 Dodging
 - Level 3.2 Stealth
 - Level 2.0 Spellcasting
 - Level 2.6 Hexes


You had 9 spell levels left.
You didn't know any spells.
Your spell library contained the following spells:

 Spells                   Type           Power      Damage    Failure   Level
 Ensorcelled Hibernation  Hex/Ice        10%        N/A       61%         2
 Summon Small Mammal      Summ           4%         N/A       65%         1
 Confusing Touch          Hex            9%         N/A       65%         3
 Tukima's Dance           Hex            9%         N/A       65%         3
 Dazzling Flash           Conj/Hex       10%        N/A       83%         3
 Summon Guardian Golem    Hex/Summ       5%         N/A       83%         3
 Call Canine Familiar     Summ           1%         N/A       95%         3
 Fulminant Prism          Conj/Hex       2%         3d6       99%         4
 Iskenderun's Mystic Bla  Conj/Tloc      1%         2d3       100%        4
 Lee's Rapid Deconstruct  Erth           0%         3d5*      100%        5


Dungeon Overview and Level Annotations

Branches:
Dungeon (7/15)
 Temple: D:4-7

Altars:

Shops:
D:6 =


Innate Abilities, Weirdness & Mutations

You are immune to sickness and miasma.
Your stone body is resilient. (AC +4)
You are immune to poison.
You resist negative energy. (rN+)
You are resistant to electric shocks. (rElec)
You are resistant to unholy torment.
You are immune to petrification.


Message History

The bullfrog hits you but does no damage.
The ufetubus barely misses you. The ufetubus closely misses you.
The bullfrog hits you but does no damage.
You hit the bullfrog.
You feel better.
You kill the bullfrog!
The ufetubus barely misses you. The ufetubus misses you.
Your Armour skill increases to level 3!
You miss the ufetubus.
The ufetubus hits you but does no damage. x2
The ufetubus completely misses you. The ufetubus barely misses you.
You closely miss the ufetubus.
The ufetubus hits you but does no damage. x2
The hound bites you but does no damage.
You completely miss the hound.
The ufetubus hits you but does no damage.
The ufetubus closely misses you. The hound bites you but does no damage.
You hit the hound but do no damage. The ufetubus barely misses you.
The ufetubus closely misses you. The hound bites you.
* * * LOW HITPOINT WARNING * * *
You hit the hound.
You feel better.
The hound is moderately wounded.
The ufetubus hits you but does no damage.
The ufetubus completely misses you. The hound completely misses you.
You closely miss the hound.
The hound is moderately wounded.
The ufetubus hits you.
* * * LOW HITPOINT WARNING * * *
The ufetubus hits you.
* * * LOW HITPOINT WARNING * * *
The hound completely misses you. The ufetubus hits you.
* * * LOW HITPOINT WARNING * * *
The ufetubus barely misses you.
You barely miss the hound.
The hound is moderately wounded.
The hound bites you but does no damage.
The ufetubus hits you but does no damage.
The ufetubus hits you.
* * * LOW HITPOINT WARNING * * *
The hound bites you.
You die...

################### ####..
###....#............# #.....
....................# #.....
..........h@........# #....#
..........5......)..# #.....
.............∩.....####.....
...................##.......
............................
............................
..#+##.##...................
♣. .?..............<......
###........#..........


You could see a hound and an ufetubus.

Vanquished Creatures
  2 bullfrogs
  A hound (D:3)
  Natasha (thrice) (D:2)
  6 gnolls
  3 adders (D:3)
  3 worms (D:2)
  A dart slug (D:1)
  9 orcs (D:3)
  5 ball pythons
  6 endoplasms
  3 giant cockroaches
  5 goblins
  5 hobgoblins
  2 jackals (D:1)
  4 kobolds
  5 quokkas
  7 bats
  6 frilled lizards
  8 rats
84 creatures vanquished.

Vanquished Creatures (others)
  2 plants (D:6)
2 creatures vanquished.

Grand Total: 86 creatures vanquished

Notes
Turn   | Place    | Note
-------+----------+-------------------------------------------
     0 | D:1      | Froggeryz the Gargoyle Enchanter began the quest for the
                  | Orb.
     0 | D:1      | Reached XP level 1. HP: 10/10 MP: 3/3
   154 | D:1      | Reached skill level 1 in Armour
   408 | D:1      | Reached XP level 2. HP: 16/16 MP: 5/5
   507 | D:1      | Reached skill level 1 in Fighting
   769 | D:1      | Reached skill level 1 in Maces & Flails
  1096 | D:1      | Found a faded altar of an unknown god.
  1164 | D:1      | Reached XP level 3. HP: 20/20 MP: 6/6
  1344 | D:1      | Reached skill level 2 in Maces & Flails
  2387 | D:2      | Noticed Natasha
  2409 | D:2      | HP: 1/20 [shadow imp[Natasha] (5)]
  2410 | D:2      | Killed Natasha
  2411 | D:2      | Reached skill level 3 in Maces & Flails
  2411 | D:2      | Reached XP level 4. HP: 2/25 MP: 7/7
  2708 | D:2      | Noticed Natasha
  2722 | D:2      | Killed Natasha
  3070 | D:1      | Reached skill level 4 in Maces & Flails
  3070 | D:1      | Reached XP level 5. HP: 8/29 MP: 8/8
  3787 | D:2      | Noticed Natasha
  3797 | D:2      | Killed Natasha
  4686 | D:3      | Reached XP level 6. HP: 34/34 MP: 9/9
  5105 | D:3      | Reached skill level 5 in Maces & Flails
  5144 | D:4      | You fall into a shaft and drop 3 floors!
  5254 | D:6      | You fall into a shaft and drop 1 floor!
  5300 | D:6      | Identified a scroll of acquirement
  5303 | D:6      | Acquired 640 gold pieces
  5304 | D:6      | Found Noohilus's Jewellery Shop.
  5347 | D:6      | HP: 1/34 [ufetubus (2)]
  5347 | D:6      | Slain by a hound

Illustrated notes

Levels and vault maps discovered:
D:1:      minmay_arrival_shoal_huts, layout_rooms, serial_forest,
          infiniplex_forest_clump_medium, infiniplex_forest_lined_2,
          infiniplex_forest_lined_3, infiniplex_forest_lined_1,
          infiniplex_forest_end_2, infiniplex_forest_lined_room_3,
          infiniplex_forest_lined_2, infiniplex_forest_lined_2,
          infiniplex_forest_clump_diagonal,
          ebering_ecumenical_altar_sacrificial, minmay_distorted
D:2:      layout_loops_ring, minmay_pentomino_r2, uniq_natasha
D:3:      layout_loops_ring, minmay_crystal_room, minivault_19
D:4:      layout_loops_ring
D:6:      layout_basic, serial_shops, shop, serial_bayou, serial_bayou_pond_d,
          serial_bayou_crossing, serial_bayou_shore_a, serial_bayou_pond_b,
          chequers_ossuary_entry_cave
D:7:      layout_basic, nrook_pool_corridor, minivault_11

Skill      XL: |  1  2  3  4  5  6 |
---------------+-------------------+-----
Armour         | 1 2 3 |  3.1
Fighting       | 1 |  1.1
Maces & Flails | 1 3 4 5 |  5.8
Short Blades   | |  0.8
Dodging        | |  1.5
Stealth        | |  3.2
Spellcasting   | |  2.0
Hexes          | |  2.6

Action                   |  1- 3 |  4- 6 || total
-------------------------+-------+-------++-------
Melee: Dagger            |    17 |       ||    17
       Whip              |   178 |   265 ||   443
 Fire: Hunting sling     |       |    18 ||    18
Throw: Stone             |       |     2 ||     2
  Use: Scroll            |     2 |     7 ||     9
       Potion            |       |     1 ||     1
 Stab: Sleeping          |     4 |       ||     4
Armor: Robe              |    11 |       ||    11
       Ring mail         |    42 |       ||    42
       Scale mail        |    21 |   132 ||   153
Dodge: Dodged            |    99 |   128 ||   227

Table legend: (Time is in decaauts)
 A = Elapsed time spent in this place.
 B = Non-inter-level travel time spent in this place.
 C = Inter-level travel time spent in this place.
 D = Time resting spent in this place.
 E = Time spent auto-exploring this place.
 F = Levels seen in this place.
 G = Mean time per level.
                   A        B        C        D        E       F      G
               +--------+--------+--------+--------+--------+-----+--------+
         Total |   5332 |   5198 |    134 |   1932 |   2252 |   6 |  888.7 |
       Dungeon |   5332 |   5198 |    134 |   1932 |   2252 |   6 |  888.7 |
               +--------+--------+--------+--------+--------+-----+--------+

Top non-repeatable levels by time:
     D:1: 2727 daAuts
     D:2: 1436 daAuts
     D:3: 929 daAuts
     D:7: 137 daAuts
     D:6: 61 daAuts
     D:4: 40 daAuts
